 Dungeon Crawl Stone Soup version 0.29.1-12-g30fa7ad0bf (webtiles) character file.

Game seed: 4951778552214884995

19 nightchill the Trooper (level 2, 0/25 HPs)
             Began as a Palentonga Abyssal Knight on Jan 15, 2023.
             Was a Believer of Lugonu.
             Slain by Sigmund
             ... wielding a +2 scythe of holy wrath
              (12 damage)
             ... on level 2 of the Dungeon.
             The game lasted 00:01:15 (896 turns).

nightchill the Trooper (Palentonga Abyssal Knight)   Turns: 896, Time: 00:01:16

Health: 0/25       AC:  4    Str: 18    XL:     2   Next: 55%
Magic:  3/3        EV:  9    Int: 10    God:    Lugonu [**....]
Gold:   73         SH:  0    Dex: 10    Spells: 1/1 levels left

rFire   . . .      SeeInvis +   a - +1 hand axe
rCold   . . .      Faith    .   (no shield)
rNeg    . . .      Spirit   .   b - +0 leather armour
rPois   .          Reflect  .   (no helmet)
rElec   .          Harm     .   (no cloak)
rCorr   .          Rampage  .   (no gloves)
Will    .....                   (no barding)
Stlth   ..........              (no amulet)
HPRegen 0.08/turn               (no ring)
MPRegen 0.08/turn               (no ring)

@: confused
A: large, rugged brown scales 3, see invisible, deformed body, roll 1, armoured
tail
a: Rolling Charge, Renounce Religion, Depart the Abyss, Bend Space


You were on level 2 of the Dungeon.
You worshipped Lugonu.
Lugonu was pleased with you.
You visited 1 branch of the dungeon, and saw 2 of its levels.
You visited the Abyss 1 time.

You collected 73 gold pieces.

Inventory:

Hand Weapons
 a - a +1 hand axe (weapon)
Armour
 b - a +0 leather armour (worn)
Scrolls
 c - 2 scrolls of summoning {unknown}
 d - 2 scrolls of brand weapon {unknown}
 e - a scroll of teleportation {unknown}
 g - a scroll of identify {unknown}
Potions
 f - a potion of brilliance {unknown}


   Skills:
 + Level 3.2 Fighting
 * Level 2.6 Axes
 - Level 1.5 Armour
 - Level 0.7 Dodging
 + Level 2.3 Invocations


You had one spell level left.
You didn't know any spells.
Your spell library was empty.

Dungeon Overview and Level Annotations

Branches:
Dungeon (2/15)

Altars:

Annotations:
D:2 Sigmund


Innate Abilities, Weirdness & Mutations

You are completely covered in rugged brown scales. (AC +3, +7% HP)
You have supernaturally acute eyesight. (SInv)
Armour fits poorly on your strangely shaped body.
You can roll at nearby foes to attack.
You have a long armoured tail.


Message History

You enter the shallow water.
Moving in this stuff is going to be slow.
You enter the shallow water.
Moving in this stuff is going to be slow.
There is an open door, spattered with blood here.
You open the door.
There is an open door here.
There is a stone staircase leading down here.
You climb downwards.
Sigmund shouts!
The adder hisses angrily.
Found a thick jewelled staff.
There is a stone staircase leading up here.
There are monsters nearby!
Roll where?
Press: ? - help, Dir - move target, f - Sigmund
Aim: Sigmund, wielding a +2 scythe of holy wrath and wearing a +0 robe You roll forward with a clatter of scales!
You hit Sigmund. You tail-slap Sigmund.
Sigmund is moderately wounded.
Sigmund casts a spell at you. The magic dart hits you.
You hit Sigmund.
Sigmund is heavily wounded.
Sigmund casts a spell at you.
You are confused.
You miss Sigmund.
Your tail-slap misses Sigmund.
Sigmund is heavily wounded.
You hit the adder. The adder bites you. Sigmund hits you but does no damage.
You barely miss Sigmund.
Sigmund is heavily wounded.
You closely miss the adder. The adder closely misses you.
Sigmund hits you with a +2 scythe of holy wrath!
The adder bites you.
* * * LOW HITPOINT WARNING * * *
You slash Sigmund!
Sigmund is severely wounded.
You closely miss the adder. The adder bites you but does no damage.
Sigmund attacks as you move away!
Sigmund hits you with a +2 scythe of holy wrath!
You die...

# .# ######.####
#.........#
#.........#
#.........#
..####@S.......#
#......@.......#
######.........#
#...<.....#
#.........#
#......|..#
###########


You could see Sigmund and an adder.

Vanquished Creatures
  7 ball pythons (D:1)
  2 giant cockroaches (D:1)
  A goblin (D:1)
  2 hobgoblins (D:1)
  A bat (D:1)
  A frilled lizard (D:1)
  A kobold (D:1)
  2 rats (D:1)
17 creatures vanquished.

Notes
Turn   | Place    | Note
-------+----------+-------------------------------------------
     0 | Abyss:1  | nightchill the Palentonga Abyssal Knight began the quest
                  | for the Orb.
     0 | Abyss:1  | Reached XP level 1. HP: 19/19 MP: 2/2
     1 | D:1      | Escaped the Abyss
   195 | D:1      | Reached XP level 2. HP: 16/25 MP: 3/3
   306 | D:1      | Found a faded altar of an unknown god.
   890 | D:2      | Noticed Sigmund
   896 | D:2      | Slain by Sigmund

Illustrated notes

Levels and vault maps discovered:
D:1:      mrwooster_arrival_statue_2, layout_basic,
          chequers_ecumenical_altar_island
D:2:      layout_rooms, minmay_crystal_room, uniq_robin, uniq_terence,
          uniq_sigmund

Action                   || total
-------------------------++-------
Melee: Hand axe          ||    37
       Tailslap          ||     5
 Abil: Rolling Charge    ||     9
Armor: Leather armour    ||    14
Dodge: Dodged            ||    12
